 Dungeon Crawl Stone Soup version 0.24-a0-583-g87330a4 (webtiles) character file.

Game seed: 12306434907929428224, levelgen mode: deterministic

517 silenth the Conjurer (level 6, -2/45 HPs)
             Began as a Demigod Conjurer on Aug 28, 2019.
             Slain by Edmund
             ... wielding a +1 flail of protection
              (7 damage)
             ... on level 4 of the Dungeon.
             The game lasted 00:05:40 (3522 turns).

silenth the Conjurer (Demigod Conjurer)             Turns: 3522, Time: 00:05:41

Health: -2/45      AC:  3    Str: 11    XL:     6   Next: 68%
Magic:  3/23       EV: 12    Int: 23    God:
Gold:   194        SH:  0    Dex: 16    Spells: 1/11 levels left

rFire    . . .     SeeInvis .   y - +2 dagger (venom)
rCold    . . .     Gourm    .   (no shield)
rNeg     . . .     Faith    .   a - +0 robe
rPois    .         Spirit   .   t - +0 helmet
rElec    .         Reflect  .   (no cloak)
rCorr    .         Harm     .   (no gloves)
MR       .....                  (no boots)
Stlth    ++........             (no amulet)
HPRegen  0.15/turn              f - ring of magical power
MPRegen  0.18/turn              (no ring)

@: no status effects
A: high mp 1
a: no special abilities


You were on level 4 of the Dungeon.
You were not hungry.

You visited 1 branch of the dungeon, and saw 4 of its levels.

You collected 194 gold pieces.

Inventory:

Hand Weapons
 c - a +0 short sword
 v - a +0 spear
 x - a +2 flail of crushing
 y - a +2 dagger of venom (weapon)
 z - the cursed +2 hand axe of Honesty {drain, rPois Dex-2 Stlth+, unknown}
   (You found it on level 4 of the Dungeon)

   A truly terrible weapon, it drains the life of those it strikes.
   It affects your dexterity (-2).
   It protects you from poison.
   It makes you more stealthy.
   It has a curse placed upon it.
Armour
 a - a +0 robe (worn)
 p - a cursed +0 scale mail
 q - a +1 hat
 t - a +0 helmet (worn)
Jewellery
 f - a ring of magical power (left hand)
Wands
 h - a wand of acid (4)
Scrolls
 g - a scroll of fog
 j - a scroll of amnesia
 k - a scroll of immolation
 l - 2 scrolls of fear
 n - a scroll of noise
 r - 2 scrolls of remove curse
 u - a scroll of blinking {unknown}
 A - a scroll of random uselessness {unknown}
Potions
 b - 2 potions of brilliance {unknown}
 d - a potion of heal wounds
 i - a potion of lignification {unknown}
 m - 4 potions of flight {unknown}
 o - 4 potions of curing {unknown}
 s - 2 potions of agility
 w - a potion of ambrosia
Comestibles
 e - 6 rations


   Skills:
 - Level 1.7 Dodging
 - Level 1.7 Stealth
 + Level 3.4 Spellcasting
 * Level 6.2 Conjurations
 * Level 2.4 Hexes
 + Level 1.0 Evocations


You had one spell level left.
You knew the following spells:

 Your Spells              Type           Power        Failure   Level  Hunger
a - Magic Dart            Conj           ####         1%          1    None
b - Searing Ray           Conj           ####..       1%          2    #......
c - Dazzling Spray        Conj/Hex       ###...       5%          3    ###....
d - Fulminant Prism       Conj/Hex       ###.......   19%         4    ####...

Your spell library contained the following spells:

 Spells                   Type           Power        Failure   Level  Hunger
 Iskenderun's Mystic Bla  Conj           ####....     9%          4    ####...
 Force Lance              Conj/Tloc      ###.....     30%         4    ####...


Dungeon Overview and Level Annotations

Branches:
Dungeon (4/15)
 Temple: D:4-7

Annotations:
D:4 Edmund


Innate Abilities, Weirdness & Mutations

You have an increased reservoir of magic. (+10% MP)


Message History

Edmund is dazzled.
Casting: Dazzling Spray (safe; 5% risk of failure)
Confirm with . or Enter, or press ? or * to list all spells.
Aiming: Searing Ray (safe; 1% risk of failure)
Press: ? - help, Shift-Dir - straight line, p - Edmund 17 gold pieces.
Okay, then.
Unknown command.
Evoke which item? (* to show all) (? for menu, Esc to quit)
Aiming: Corrosive Bolt
Press: ? - help, Shift-Dir - straight line, f/p - Edmund
Aim: Edmund, wielding a +1 flail of protection and wearing a +0 leather armour (severely wounded, blind, hasn't noticed you)
The bolt of acid hits Edmund.
Edmund is splashed with acid.
The acid corrodes Edmund!
Edmund is almost dead.
The bolt of acid hits the ball python!
The ball python is splashed with acid.
The acid corrodes the ball python!
You kill the ball python!
Edmund hits you with a +1 flail of protection!
You die...

...###..# .. ....#.... ...
.. ........# #.# #.#..#.
........###.# #......#
............###....... #
..................... #
..............# ...# # ###
#........###..##..##..#
..#..........##.@@†......#
... .)...........##$^....#
. .............####....#
## ...............# #...#
.# #................. .##
#####..........#...... #
...............##.....
#...........>.........
###..#..........#..##.


You could see Edmund (blind).

Vanquished Creatures
  Sigmund (D:4)
  A hound (D:3)
  An orc wizard (D:2)
  Natasha (thrice) (D:3)
  A killer bee zombie (D:3)
  Robin (D:3)
  4 adders
  4 gnolls (D:2)
  3 worms
  3 dart slugs
  2 leopard geckos
  13 orcs
  6 bats
  3 giant cockroaches
  16 goblins
  8 hobgoblins
  3 quokkas
  4 ball pythons
  3 frilled lizards
  13 kobolds
  10 rats
103 creatures vanquished.

Vanquished Creatures (others)
  A fulminant prism (D:4)
1 creature vanquished.

Grand Total: 104 creatures vanquished

Notes
Turn   | Place    | Note
-------+----------+-------------------------------------------
     0 | D:1      | silenth the Demigod Conjurer began the quest for the Orb.
     0 | D:1      | Reached XP level 1. HP: 14/14 MP: 5/5
   262 | D:1      | Reached skill level 2 in Spellcasting
   315 | D:1      | Reached skill level 4 in Conjurations
   315 | D:1      | Reached XP level 2. HP: 20/20 MP: 7/7
   319 | D:1      | Learned a level 2 spell: Searing Ray
   998 | D:2      | Reached XP level 3. HP: 17/26 MP: 4/9
  1483 | D:2      | Reached XP level 4. HP: 33/33 MP: 10/10
  1652 | D:2      | Reached skill level 5 in Conjurations
  1940 | D:3      | Noticed Robin
  2091 | D:3      | Killed Robin
  2286 | D:3      | Reached skill level 3 in Spellcasting
  2286 | D:3      | Reached XP level 5. HP: 38/38 MP: 12/12
  2326 | D:3      | Learned a level 3 spell: Dazzling Spray
  2331 | D:3      | Learned a level 4 spell: Fulminant Prism
  2410 | D:2      | Reached skill level 1 in Hexes
  2832 | D:3      | Found an iron altar of Okawaru.
  2850 | D:3      | Noticed Natasha
  2854 | D:3      | Killed Natasha
  2895 | D:3      | Noticed Natasha
  2898 | D:3      | Killed Natasha
  2898 | D:3      | Reached XP level 6. HP: 45/45 MP: 14/14
  2936 | D:3      | Noticed Natasha
  2943 | D:3      | Killed Natasha
  3099 | D:4      | Noticed Sigmund
  3111 | D:4      | Killed Sigmund
  3111 | D:4      | Reached skill level 6 in Conjurations
  3111 | D:4      | Reached skill level 2 in Hexes
  3190 | D:4      | HP: 4/45 [orc warrior/boomerang (10)]
  3191 | D:4      | Reached skill level 1 in Evocations
  3479 | D:4      | Got a shimmering hand axe
  3501 | D:4      | Noticed Edmund
  3518 | D:4      | HP: 4/45 [Edmund/+1 flail of protection (5)]
  3522 | D:4      | Slain by Edmund

Levels and vault maps discovered:
D:1:      psy_arrival_dodecagon, layout_basic, minmay_small_reverse_x
D:2:      layout_rooms
D:3:      layout_rooms, okawaru_gym_becter, uniq_natasha, uniq_robin
D:4:      layout_cave_pools, kiku_gazebo_garden_becter, gup_sewer_entry_glass,
          uniq_edmund, uniq_sigmund

Skill      XL: |  1  2  3  4  5  6 |
---------------+-------------------+-----
Spellcasting   | 2 3 |  3.4
Conjurations   | 4 5 6 |  6.2
Hexes          | 1 2 |  2.4
Evocations     | 1 |  1.0
Dodging        | |  1.7
Stealth        | |  1.7

Action                   |  1- 3 |  4- 6 || total
-------------------------+-------+-------++-------
Melee: Short sword       |     1 |       ||     1
       Dagger            |       |     5 ||     5
 Cast: Magic Dart        |    81 |   116 ||   197
       Searing Ray       |       |    12 ||    12
       Dazzling Spray    |       |     5 ||     5
       Fulminant Prism   |       |     1 ||     1
Evoke: Wand              |       |     1 ||     1
  Use: Scroll            |       |     9 ||     9
       Potion            |       |     1 ||     1
 Stab: Invisible         |       |     3 ||     3
  Eat: Ration            |     1 |     1 ||     2
       Chunk             |       |     5 ||     5
Armor: Robe              |     2 |     9 ||    11
Dodge: Dodged            |    13 |    49 ||    62

Table legend:
 A = Non-vault XP
 B = Vault XP
 C = Vault XP percentage of total XP
 D = Non-vault monster count
 E = Vault monster count
 F = Vault count percentage of total count
                 A         B        C        D         E       F
            +---------+---------+-------+---------+---------+-------
      Total |     436 |     303 |  41.0 |      84 |      19 |  18.4
            +---------+---------+-------+---------+---------+-------
        D:1 |      21 |       7 |  25.0 |      15 |       4 |  21.1
        D:2 |     188 |       0 |   0.0 |      31 |       0 |   0.0
        D:3 |     207 |      76 |  26.9 |      30 |      14 |  31.8
        D:4 |      20 |     220 |  91.7 |       8 |       1 |  11.1
            +---------+---------+-------+---------+---------+-------
